 Dungeon Crawl Stone Soup version 0.29-a0-555-g3b24f45cc1 (webtiles) character file.

Game seed: 12803208485115525936

947 croobank the Covert (level 8, -2/67 HPs)
             Began as a Gnoll Delver on June 8, 2022.
             Killed from afar by an orc wizard (5 damage)
             ... with a magic dart
             ... on level 5 of the Dungeon.
             The game lasted 00:27:43 (4295 turns).

croobank the Covert (Gnoll Delver)                  Turns: 4295, Time: 00:27:46

Health: -2/67      AC:  3    Str: 17    XL:     8   Next: 13%
Magic:  4/12       EV: 14    Int: 15    God:
Gold:   207        SH:  0    Dex: 14    Spells: 2/13 levels left

rFire   + . .      SeeInvis .   a - +0 hand axe
rCold   + . .      Faith    .   (no shield)
rNeg    . . .      Spirit   .   p - +0 leather armour
rPois   +          Reflect  .   (no helmet)
rElec   +          Harm     .   (no cloak)
rCorr   +          Rampage  .   (no gloves)
Will    .....                   (no boots)
Stlth   +++.......              r - amulet of Cynecovou {Regen+ Int+3 Stlth-}
HPRegen 1.01/turn               q - +6 ring of strength
MPRegen 0.13/turn               (no ring)

@: resistant, hasted, very quick
A: fangs 1, strong nose, distributed training
a: no special abilities


You were on level 5 of the Dungeon.
You visited 1 branch of the dungeon, and saw 5 of its levels.

You collected 207 gold pieces.

Inventory:

Hand Weapons
 a - a +0 hand axe (weapon)
 b - a +0 hunting sling
 d - a +0 whip of draining
 m - a +0 dagger
 w - a +0 falchion
Missiles
 j - 4 poisoned darts (quivered)
 t - 136 stones
 A - 6 atropa-tipped darts
Armour
 i - a +0 ring mail
 k - a +0 crystal plate armour
 p - a +0 leather armour (worn)
Jewellery
 q - a +6 ring of strength (left hand)
 r - the amulet of Cynecovou (around neck) {Regen+ Int+3 Stlth-}
   (You acquired it on level 2 of the Dungeon)

   [amulet of regeneration]

   Int:       It affects your intelligence (+3).
   Regen:     It increases your rate of health regeneration.
   Stlth:     It makes you less stealthy.
Wands
 g - a wand of digging (2)
 v - a wand of iceblast (10)
Scrolls
 c - a scroll of fog
 h - 2 scrolls of amnesia
 l - 6 scrolls of identify
 y - a scroll of poison {unknown}
 z - a scroll of immolation {unknown}
Potions
 f - a potion of haste
 n - a potion of attraction
 x - 2 potions of mutation


   Skills:
 + Level 7.2 Fighting
 + Level 3.0 Short Blades
 + Level 3.0 Long Blades
 + Level 5.5 Axes
 + Level 3.0 Maces & Flails
 + Level 3.0 Polearms
 + Level 3.0 Staves
 + Level 3.0 Slings
 + Level 3.0 Bows
 + Level 3.0 Crossbows
 + Level 3.0 Throwing
 + Level 3.0 Armour
 + Level 5.5 Dodging
 + Level 10.0 Stealth
 + Level 3.0 Shields
 + Level 3.0 Unarmed Combat
 + Level 3.0 Spellcasting
 + Level 2.4 Conjurations
 + Level 2.4 Hexes
 + Level 2.4 Summonings
 + Level 2.4 Necromancy
 + Level 2.4 Translocations
 + Level 2.4 Transmutations
 + Level 2.4 Fire Magic
 + Level 2.4 Ice Magic
 + Level 2.4 Air Magic
 + Level 2.4 Earth Magic
 + Level 2.4 Poison Magic
 + Level 3.3 Invocations
 + Level 3.0 Evocations


You had 2 spell levels left.
You knew the following spells:

 Your Spells              Type           Power      Damage    Failure   Level
a - Call Imp              Summ           9%         N/A       13%         2
b - Mephitic Cloud        Conj/Pois/Air  9%         N/A       26%         3
c - Stone Arrow           Conj/Erth      18%        3d8       26%         3
d - Teleport Other        Tloc           9%         N/A       26%         3

Your spell library contained the following spells:

 Spells                   Type           Power      Damage    Failure   Level
 Magic Dart               Conj           36%        1d4       9%          1
 Confusing Touch          Hex            9%         N/A       26%         3
 Gell's Gravitas          Tloc           9%         N/A       26%         3
 Animate Armour           Summ/Erth      18%        N/A       65%         4
 Yara's Violent Unravell  Hex/Tmut       4%         3d4       94%         5
 Dispersal                Tloc           4%         N/A       100%        6
 Enfeeble                 Hex            4%         N/A       100%        7
 Lehudib's Crystal Spear  Conj/Erth      4%         10d3      100%        8


Dungeon Overview and Level Annotations

Branches:
Dungeon (5/15)
 Temple: D:4-7

Altars:
Kikubaaqudgha
Sif Muna
Xom
Yredelemnul

Annotations:
D:2 1 runed translucent door, Crazy Yiuf
D:3 3 runed translucent doors, 2FriedEggs's ghost, amateur OpTm
D:5 Edmund


Innate Abilities, Weirdness & Mutations

You have very sharp teeth.
Your uncanny sense of smell can sniff out nearby items.
Your experience applies equally to all skills.


Message History

You feel sick. The orc warrior barely misses you.
The orc wizard barely misses you.
Unknown command.
You hit the orc warrior but do no damage.
The orc warrior is heavily wounded.
You hit the orc wizard.
The orc warrior hits you with the +9 flail of the Queen {holy, Str+5}!
* * * LOW HITPOINT WARNING * * *
The orc wizard hits you but does no damage.
Okay, then.
It was a potion of curing.
You feel better.
Casting: Stone Arrow (dangerous; 26% risk of failure)
Confirm with . or Enter, or press ? or * to list all spells.
Aiming: Mephitic Cloud (dangerous; 26% risk of failure)
Press: ? - help, Shift-Dir - straight line, f/p - orc warrior
Aim: an orc warrior, wielding the +9 flail of the Queen {holy, Str+5}, wearing a +0 plate armour and quivering poisoned darts (heavily wounded, chance to affect: 81%)
Okay, then.
Casting: Mephitic Cloud (dangerous; 26% risk of failure)
Confirm with . or Enter, or press ? or * to list all spells.
Okay, then.
Casting: Mephitic Cloud (dangerous; 26% risk of failure)
Confirm with . or Enter, or press ? or * to list all spells.
A beastly little devil appears in a puff of frigid air.
The orc warrior hits you with the +9 flail of the Queen {holy, Str+5}!
* * * LOW HITPOINT WARNING * * *
The orc wizard barely misses you.
Okay, then.
You hit the orc wizard but do no damage.
The orc wizard is lightly wounded.
You hit the orc warrior but do no damage.
The orc warrior hits you with the +9 flail of the Queen {holy, Str+5}!
* * * LOW HITPOINT WARNING * * *
The orc wizard misses you.
You closely miss the orc wizard.
You bite the orc wizard, but do no damage.
The orc wizard is lightly wounded.
You hit the orc warrior but do no damage.
The orc wizard points at you and mumbles some strange words.
The magic dart hits you.
You die...

# ##....#####.#.## #)# #
##.#.......#.# #{# #
#.#########.# ... # #.#
##'## ... # ####.#
##...## ..... # #..<.#
##...>.## ..... #
#.##.## ##.......##
.##...#
###.#...####...5o....##.
..)........'....@o...'..
###.#...####....)....##.
#....## ##.......##
###.## ##...##'# #.#
#...## .♣ #.# #.### .
#####.### #.# .
#.......#####.## ♣#
#.###.#.#......##


You could see an orc warrior (ally target), an orc wizard and a friendly white
imp (summoned).

Vanquished Creatures
  Sigmund (D:5)
  A black bear (D:5)
  An ice beast (D:5)
  A necrophage (D:5)
  2 scorpions (D:4)
  2 vampire bats (D:3)
  Natasha (thrice) (D:2)
  An orc wizard (D:3)
  A scorpion zombie (D:3)
  7 adders
  2 dart slugs
  7 orcs
  7 bats
  2 bat skeletons (D:3)
  5 bat zombies (D:3)
  7 endoplasms
  2 giant cockroaches (D:3)
  7 goblins
  12 hobgoblins
  9 jackals
  4 quokkas
  8 ball pythons
  6 frilled lizards
  5 kobolds
  A quokka zombie (D:3)
  6 rats
110 creatures vanquished.

Vanquished Creatures (collateral kills)
  A hound (D:5)
  A jelly (D:5)
2 creatures vanquished.

Vanquished Creatures (others)
  An orc (D:3)
  A hobgoblin (D:3)
  A rat (D:3)
3 creatures vanquished.

Grand Total: 115 creatures vanquished

Notes
Turn   | Place    | Note
-------+----------+-------------------------------------------
     0 | D:5      | Reached skill level 9 in Stealth
     0 | D:5      | croobank the Gnoll Delver began the quest for the Orb.
     0 | D:5      | Reached XP level 1. HP: 23/23 MP: 1/1
    78 | D:5      | Noticed a jelly
    83 | D:4      | Noticed a scorpion
    99 | D:4      | Reached XP level 2. HP: 29/29 MP: 2/2
   462 | D:1      | Reached XP level 3. HP: 35/35 MP: 3/3
   800 | D:1      | Reached skill level 1 in Invocations
  1178 | D:2      | Found a faded altar of an unknown god.
  1214 | D:2      | Reached skill level 1 in Short Blades
  1214 | D:2      | Reached skill level 1 in Long Blades
  1214 | D:2      | Reached skill level 1 in Maces & Flails
  1214 | D:2      | Reached skill level 1 in Polearms
  1214 | D:2      | Reached skill level 1 in Staves
  1214 | D:2      | Reached skill level 1 in Slings
  1214 | D:2      | Reached skill level 1 in Bows
  1214 | D:2      | Reached skill level 1 in Crossbows
  1214 | D:2      | Reached skill level 1 in Throwing
  1214 | D:2      | Reached skill level 1 in Armour
  1214 | D:2      | Reached skill level 1 in Shields
  1214 | D:2      | Reached skill level 1 in Unarmed Combat
  1214 | D:2      | Reached skill level 1 in Spellcasting
  1214 | D:2      | Reached skill level 1 in Evocations
  1291 | D:2      | Identified a scroll of acquirement
  1291 | D:2      | Acquired the amulet of Cynecovou {Regen+ Int+3 Stlth-}
  1306 | D:2      | Noticed Natasha
  1313 | D:2      | Killed Natasha
  1314 | D:2      | Reached XP level 4. HP: 37/41 MP: 5/5
  1326 | D:2      | Noticed Natasha
  1343 | D:2      | Killed Natasha
  1344 | D:2      | Reached skill level 1 in Conjurations
  1344 | D:2      | Reached skill level 1 in Hexes
  1344 | D:2      | Reached skill level 1 in Summonings
  1344 | D:2      | Reached skill level 1 in Necromancy
  1344 | D:2      | Reached skill level 1 in Translocations
  1344 | D:2      | Reached skill level 1 in Transmutations
  1344 | D:2      | Reached skill level 1 in Fire Magic
  1344 | D:2      | Reached skill level 1 in Ice Magic
  1344 | D:2      | Reached skill level 1 in Air Magic
  1344 | D:2      | Reached skill level 1 in Earth Magic
  1344 | D:2      | Reached skill level 1 in Poison Magic
  1520 | D:2      | Reached XP level 5. HP: 47/47 MP: 6/6
  1554 | D:2      | Noticed Natasha
  1575 | D:2      | Killed Natasha
  1785 | D:2      | Found a runed translucent door.
  1786 | D:2      | Noticed Crazy Yiuf
  1987 | D:3      | Found a shimmering altar of Xom.
  2259 | D:3      | Found a shimmering blue altar of Sif Muna.
  2389 | D:3      | Found a runed translucent gate.
  2390 | D:3      | Found a runed translucent gate.
  2390 | D:3      | Noticed 2FriedEggs's ghost (amateur OpTm)
  2391 | D:3      | Found a runed translucent gate.
  2412 | D:3      | Reached XP level 6. HP: 53/53 MP: 8/8
  2419 | D:3      | Found a basalt altar of Yredelemnul.
  2627 | D:3      | Found an ancient bone altar of Kikubaaqudgha.
  2640 | D:3      | Reached skill level 5 in Axes
  2640 | D:3      | Reached skill level 5 in Dodging
  3048 | D:4      | Reached XP level 7. HP: 28/59 MP: 10/10
  3399 | D:5      | Noticed Edmund
  3475 | D:5      | Learned a level 2 spell: Call Imp
  3600 | D:5      | Learned a level 3 spell: Mephitic Cloud
  3604 | D:5      | Learned a level 3 spell: Stone Arrow
  3817 | D:5      | HP: 2/60 [orc warrior/+0 war axe (22)]
  3965 | D:5      | Reached skill level 10 in Stealth
  4035 | D:5      | Learned a level 3 spell: Teleport Other
  4047 | D:5      | Noticed Sigmund
  4066 | D:5      | Killed Sigmund
  4067 | D:5      | Reached XP level 8. HP: 66/67 MP: 2/12
  4278 | D:5      | Identified the +9 flail of the Queen {holy, Str+5}
  4294 | D:5      | HP: 2/67 [orc warrior/the +9 flail of the Queen {holy,
                  | Str+5} (9)]
  4295 | D:5      | Killed from afar by an orc wizard

Illustrated notes

Levels and vault maps discovered:
D:1:      dpeg_arrival_rooms_a, layout_loops_cross
D:2:      layout_basic, chequers_ecumenical_altar_simple_redux,
          minmay_quantized, uniq_natasha, uniq_crazy_yiuf_cottage
D:3:      cheibrodos_helix_gallery, layout_basic, kennysheep_vampire_church,
          lemuel_blue_sif_altar, nicolae_yredelemnul_ghost_church,
          xom_confusion_cloud
D:4:      layout_rooms
D:5:      layout_loops_corners, worldfamousw_hep_ancestral_shrine, uniq_sigmund,
          uniq_edmund

Skill      XL: |  1  2  3  4  5  6  7  8 |
---------------+-------------------------+-----
Stealth        | 10 | 10.0
Invocations    | 1 2 3 |  3.3
Short Blades   | 1 2 3 |  3.0
Long Blades    | 1 2 3 |  3.0
Maces & Flails | 1 2 3 |  3.0
Polearms       | 1 2 3 |  3.0
Staves         | 1 2 3 |  3.0
Slings         | 1 2 3 |  3.0
Bows           | 1 2 3 |  3.0
Crossbows      | 1 2 3 |  3.0
Throwing       | 1 2 3 |  3.0
Armour         | 1 2 3 |  3.0
Shields        | 1 2 3 |  3.0
Unarmed Combat | 1 2 3 |  3.0
Spellcasting   | 1 2 3 |  3.0
Evocations     | 1 2 3 |  3.0
Conjurations   | 1 2 |  2.4
Hexes          | 1 2 |  2.4
Summonings     | 1 2 |  2.4
Necromancy     | 1 2 |  2.4
Translocations | 1 2 |  2.4
Transmutations | 1 2 |  2.4
Fire Magic     | 1 2 |  2.4
Ice Magic      | 1 2 |  2.4
Air Magic      | 1 2 |  2.4
Earth Magic    | 1 2 |  2.4
Poison Magic   | 1 2 |  2.4
Axes           | 5 |  5.5
Dodging        | 5 |  5.5
Fighting       | 7 |  7.2

Action                   |  1- 3 |  4- 6 |  7- 9 || total
-------------------------+-------+-------+-------++-------
Melee: Hand axe          |    27 |   203 |   119 ||   349
       Bite              |    10 |    23 |    12 ||    45
       Whip              |    47 |       |       ||    47
       Punch             |     2 |     5 |     3 ||    10
       Dagger            |    42 |    20 |       ||    62
 Cast: Call Imp          |       |       |     6 ||     6
       Mephitic Cloud    |       |       |     1 ||     1
       Stone Arrow       |       |       |     2 ||     2
Evoke: Wand              |     1 |       |       ||     1
  Use: Scroll            |     7 |     3 |     2 ||    12
       Potion            |       |       |     5 ||     5
 Stab: Sleeping          |     9 |     9 |       ||    18
Armor: Ring mail         |    27 |    79 |     7 ||   113
       Leather armour    |       |       |    13 ||    13
Dodge: Dodged            |    93 |   169 |    78 ||   340

Table legend: (Time is in decaauts)
 A = Elapsed time spent in this place.
 B = Non-inter-level travel time spent in this place.
 C = Inter-level travel time spent in this place.
 D = Time resting spent in this place.
 E = Time spent auto-exploring this place.
 F = Levels seen in this place.
 G = Mean time per level.
                   A        B        C        D        E       F      G
               +--------+--------+--------+--------+--------+-----+--------+
         Total |   4300 |   4192 |    108 |    233 |   2640 |   5 |  860.0 |
       Dungeon |   4300 |   4192 |    108 |    233 |   2640 |   5 |  860.0 |
               +--------+--------+--------+--------+--------+-----+--------+

Top non-repeatable levels by time:
     D:3: 1141 daAuts
     D:5: 1012 daAuts
     D:2: 826 daAuts
     D:1: 715 daAuts
     D:4: 604 daAuts
